 Dungeon Crawl Stone Soup version 0.19.0-2-gae57169 (webtiles) character file.

63 Monsterracer the Firebug (level 3, 0/19 HPs)
             Began as a Deep Elf Fire Elementalist on Nov 6, 2016.
             Slain by Grinder (4 damage)
             ... while paralysed by Grinder
             ... on level 3 of the Dungeon.
             The game lasted 00:06:26 (2210 turns).

Monsterracer the Firebug (DEFE)                     Turns: 2210, Time: 00:06:27

Health: 0/19       AC:  3    Str:  5    XL:     3   Next: 89%
Magic:  7/10       EV:  2    Int: 22    God:
Gold:   115        SH:  0    Dex: 15    Spells: 2 memorised, 5 levels left

rFire  . . .     SeeInvis .     (no weapon)
rCold  . . .     Gourm    .     e - +0 robe (curse)
rNeg   . . .     Faith    .     (no shield)
rPois  .         Spirit   .     l - +0 helmet (curse)
rElec  .         Reflect  +     (no cloak)
rCorr  .         Harm     .     (no gloves)
MR     .....                    (no boots)
Stlth  +++.......               i - +3 amulet of reflection
                                j - +2 ring of intelligence
                                g - ring of stealth

@: paralysed
A: no striking features
a: no special abilities


You were on level 3 of the Dungeon.
You were not hungry.

You visited 1 branch of the dungeon, and saw 3 of its levels.

You collected 115 gold pieces.

Inventory:

Armour
 e - a cursed +0 robe (worn)
 l - a cursed +0 helmet (worn)
Jewellery
 g - a ring of stealth (left hand)
 i - a +3 amulet of reflection (around neck)
 j - a +2 ring of intelligence (right hand)
Scrolls
 a - 2 scrolls of random uselessness {unknown}
 d - 2 scrolls of recharging {unknown}
 f - a scroll of fog {unknown}
 h - a scroll of blinking {unknown}
 n - a scroll of remove curse {unknown}
 o - a scroll of identify {unknown}
 p - a scroll of fear {unknown}
Books
 b - a book of Flames

   Spells                             Type                      Level
   a - Flame Tongue                   Conjuration/Fire             1
   b - Throw Flame                    Conjuration/Fire             2
   c - Conjure Flame                  Conjuration/Fire             3
   d - Inner Flame                    Hexes/Fire                   3
   e - Sticky Flame                   Conjuration/Fire             4
   f - Fireball                       Conjuration/Fire             5
Comestibles
 c - a bread ration
 k - a beef jerky
 m - 2 meat rations


   Skills:
 - Level 2.4 Dodging
 - Level 2.4 Stealth
 + Level 3.9 Spellcasting
 * Level 2.5 Conjurations
 * Level 4.1 Fire Magic


You had 5 spell levels left.
You knew the following spells:

 Your Spells              Type           Power        Failure   Level  Hunger
a - Flame Tongue          Conj/Fire      ###..        3%          1    None
b - Conjure Flame         Conj/Fire      ###.....     12%         3    ###....


Dungeon Overview and Level Annotations

Branches:
Dungeon (3/15)

Altars:
Fedhas

Annotations:
D:3 Grinder


Message History

Confirm with . or Enter, or press ? or * to list all spells.
Aiming: Flame Tongue
Press: ? - help, Shift-Dir - straight line, f/p - Grinder
Aim: Grinder (moderately wounded)
The flame tongue hits Grinder.
Grinder appears unharmed.
Grinder is moderately wounded.
Casting: Flame Tongue
Confirm with . or Enter, or press ? or * to list all spells.
Aiming: Flame Tongue
Press: ? - help, Shift-Dir - straight line, f/p - Grinder
Aim: Grinder (moderately wounded)
The flame tongue hits Grinder.
Grinder is heavily wounded.
Grinder gestures at you.
You suddenly lose the ability to move!
Grinder barely misses you. Grinder hits you.
* * * LOW HITPOINT WARNING * * *
You writhe in agony.
You die...

#<# #.# #.# #)# #.#####
######...... #
#....#.#####
#####.#######.# .### #
#...^.5@......# .# #
.............>##.#.# #
#............#.....# #
#............#.#.### #
#............#.#... #
#............#.#########
#............#.#...#....
#............#.#.#.#.###
##.#####.#.#.#..#


You could see Grinder.

Vanquished Creatures
  An adder (D:2)
  A gnoll (D:1)
  An ooze (D:1)
  2 dart slugs (D:1)
  A leopard gecko (D:1)
  7 bats
  A giant cockroach (D:2)
  3 goblins (D:1)
  6 hobgoblins
  A quokka (D:2)
  3 frilled lizards
  4 kobolds
  2 rats (D:1)
33 creatures vanquished.

Notes
Turn   | Place    | Note
-------+----------+-------------------------------------------
     0 | D:1      | Monsterracer the Deep Elf Fire Elementalist began the quest for the Orb.
     0 | D:1      | Reached XP level 1. HP: 10/10 MP: 6/6
   452 | D:1      | Reached XP level 2. HP: 2/15 MP: 2/8
  1081 | D:1      | Reached XP level 3. HP: 19/19 MP: 8/10
  1086 | D:1      | Learned a level 3 spell: Conjure Flame
  1529 | D:2      | Reached skill level 4 in Fire Magic
  1583 | D:2      | Found a blossoming altar of Fedhas.
  2199 | D:3      | Noticed Grinder
  2207 | D:3      | Paralysed by Grinder for 6 turns
  2210 | D:3      | Slain by Grinder

Skill      XL: |  1  2  3 |
---------------+----------+-----
Conjurations   | 2 |  2.5
Fire Magic     | 4 |  4.1
Dodging        | |  2.4
Stealth        | |  2.4
Spellcasting   | |  3.9

Action                   || total
-------------------------++-------
Melee: Unarmed           ||     3
 Cast: Flame Tongue      ||    57
  Eat: Chunk             ||     4
Armor: Robe              ||     3
Dodge: Dodged            ||    14
